 Dungeon Crawl Stone Soup version 0.30.1-4-g462c640d31 (webtiles) character file.

Game seed: 11310663967310409212

17150 growler the Stormcaller (level 12, -3/71 HPs)
             Began as a Tengu Air Elementalist on Sept 2, 2023.
             Was a Priest of Hepliaklqana.
             Killed from afar by a war gargoyle (32 damage)
             ... with a spray of metal splinters
             ... on level 11 of the Dungeon.
             The game lasted 00:39:23 (12233 turns).

growler the Stormcaller (Tengu Air Elementalist)   Turns: 12233, Time: 00:39:23

Health: -3/71      AC: 11    Str: 10    XL:     12   Next: 45%
Magic:  10/31      EV: 14    Int: 20    God:    Hepliaklqana [***...]
Gold:   775        SH:  0    Dex: 14    Spells: 2/23 levels left

rFire   . . .        z - +0 dagger (speed)
rCold   . . .        (no shield)
rNeg    + . .        B - +0 steam dragon scales
rPois   .            L - +2 hat {SInv}
rElec   .            k - +0 cloak
rCorr   .            i - +2 pair of gloves {Stlth+}
SInv    +            (boots unavailable)
Will    .....        q - amulet of magic regeneration
Stlth   +++          o - ring of magical power
HPRegen 0.31/turn    F - ring of positive energy
MPRegen 0.62/turn

%: no passive effects
@: swift, flying quickly and evasively, very quick
A: reduced essence, beak, talons 3, nimble flight
a: Renounce Religion, Recall Ancestor, Ancestor Identity, Transference


You were on level 11 of the Dungeon.
You worshipped Hepliaklqana.
Hepliaklqana was most pleased with you.
You visited 2 branches of the dungeon, and saw 12 of its levels.
You also visited: Gauntlet.

You collected 775 gold pieces.

Inventory:

Hand Weapons
 j - a +0 rapier
 z - a +0 dagger of speed (weapon)
Armour
 i - a +2 pair of gloves of stealth (worn)
 k - a +0 cloak (worn)
 B - +0 steam dragon scales (worn)
 C - a +2 buckler of protection
 I - a +1 ring mail of cold resistance
 L - a +2 hat of see invisible (worn)
 N - a scarf of invisibility
Magical Staves
 M - a staff of death
Jewellery
 o - a ring of magical power (left hand)
 q - an amulet of magic regeneration (around neck)
 F - a ring of positive energy (right hand)
 K - a +6 ring of strength
 O - an amulet of regeneration
Wands
 D - a wand of flame (24)
 J - a wand of roots (7)
Scrolls
 a - a scroll of fog {unknown}
 c - a scroll of acquirement {unknown}
 e - a scroll of magic mapping
 f - a scroll of amnesia
 h - 3 scrolls of poison
 l - a scroll of immolation {unknown}
 p - a scroll of blinking {unknown}
 t - a scroll of fear {unknown}
 v - 4 scrolls of vulnerability
 x - a scroll of noise {unknown}
 y - 2 scrolls of teleportation
 A - a scroll of enchant armour {unknown}
 H - a scroll of enchant weapon {unknown}
Potions
 b - 3 potions of magic
 d - 6 potions of curing
 g - 8 potions of haste {unknown}
 m - a potion of resistance
 n - 4 potions of brilliance {unknown}
 r - a potion of mutation
 s - 2 potions of attraction
 u - 2 potions of ambrosia {unknown}
 w - a potion of cancellation
 E - a potion of heal wounds
 G - 2 potions of might {unknown}


   Skills:
 + Level 10.9 Fighting
 - Level 10.0 Short Blades
 - Level 2.1 Dodging
 - Level 2.0 Stealth
 - Level 6.0 Spellcasting
 - Level 6.0 Conjurations
 + Level 3.0 Fire Magic
 + Level 15.5 Air Magic


You had 2 spell levels left.
You knew the following spells:

 Your Spells              Type           Power      Damage    Failure   Level
a - Shock                 Conj/Air       100%       1d9       1%          1
b - Static Discharge      Conj/Air       98%        2-7/arc   1%          2
c - Swiftness             Air            62%        N/A       1%          3
d - Airstrike             Air            31%        2d(5-21)  1%          4
e - Arcjolt               Conj/Air       24%        1d34      3%          5
f - Plasma Beam           Fire/Air       21%        2x1d36    34%         6

Your spell library contained the following spells:

 Spells                   Type           Power      Damage    Failure   Level
 Magic Dart               Conj           100%       1d8       1%          1
 Kiss of Death            Conj/Necr      72%        2d10      3%          1
 Sting                    Tmut/Pois      24%        1d4       11%         1
 Call Imp                 Summ           12%        N/A       16%         2
 Ensorcelled Hibernation  Hex/Ice        12%        N/A       16%         2
 Mephitic Cloud           Conj/Pois/Air  34%        N/A       1%          3
 Vhi's Electric Charge    Tloc/Air       74%        N/A       1%          3
 Iskenderun's Battlesphe  Conj           30%        2d8       24%         5
 Confusing Touch          Hex            6%         N/A       30%         3
 Spider Form              Tmut/Pois      6%         N/A       30%         3
 Anguish                  Hex/Necr       3%         N/A       71%         4
 Animate Armour           Summ/Erth      12%        N/A       71%         4
 Dispel Undead            Necr           6%         3d8       71%         4
 Blade Hands              Tmut           3%         N/A       96%         5
 Yara's Violent Unravell  Hex/Tmut       3%         3d4       96%         5
 Iron Shot                Conj/Erth      9%         9d3       99%         6
 Spellforged Servitor     Conj/Summ      9%         N/A       100%        7


Dungeon Overview and Level Annotations

Branches:
Dungeon (11/15)            Temple (1/1) D:5            Lair (0/5) D:10
    Orc (0/2) D:9         Gauntlet (visited)

Altars:
Ashenzari
Cheibriados
Dithmenos
Elyvilon
Fedhas
Gozag
Hepliaklqana
Kikubaaqudgha
Makhleb
Nemelex Xobeh
Okawaru
Qazlal
Ru
Sif Muna
Trog
Uskayaw
Vehumet
Wu Jian
Xom
Yredelemnul
Zin
The Shining One

Shops:
D:7 *

Annotations:
D:4 2 transporters, arthad's ghost, amateur VSBe


Innate Abilities, Weirdness & Mutations

Your life essence is reduced to manifest your ancestor. (-10% HP)
You have a beak for a mouth.
You have claws for feet.
Your magical nature lets you fly swiftly and evasively.


Message History

Casting: Arcjolt (dangerous; 3% risk of failure)
Confirm with . or Enter, or press ? or * to list all spells.
Electricity surges outward!
The purple ugly thing is struck by an electric surge!!
You kill the purple ugly thing!
Reggie B. avoids your attack.
The war gargoyle is struck by an electric surge.
The war gargoyle hits Reggie B. with a +0 great mace!!!
Reggie B. is destroyed!
Casting: Arcjolt (dangerous; 3% risk of failure)
Confirm with . or Enter, or press ? or * to list all spells.
Electricity surges outward!
The tengu warrior is struck by an electric surge!!
The tengu warrior is almost dead.
The war gargoyle resists.
The war gargoyle is struck by an electric surge.
The war gargoyle is lightly damaged.
The tengu warrior unwields a +0 arbalest.
The tengu warrior wields a +0 battleaxe.
The tengu warrior hits you with a +0 battleaxe!
The tengu warrior misses you.
The tengu warrior claws you but does no damage.
Casting: Arcjolt (dangerous; 3% risk of failure)
Confirm with . or Enter, or press ? or * to list all spells.
Electricity surges outward!
The tengu warrior is struck by an electric surge!!
You kill the tengu warrior!
The war gargoyle is struck by an electric surge.
Your Fire Magic skill increases to level 3!
Casting: Arcjolt (dangerous; 3% risk of failure)
Confirm with . or Enter, or press ? or * to list all spells.
You feel quick.
The war gargoyle hits you with a +0 great mace.
The war gargoyle hits you with a +0 great mace!
The war gargoyle launches metal splinters at you.
The spray of metal splinters hits you!!
There is a dry fountain here.
The war gargoyle launches metal splinters at you.
The spray of metal splinters hits you!!
You die...

.## ##### #..##.. ..#
##########...## #...... .##
###..R...R.##...## #...... ##
##..########.##...## #....## #
##...# ##.##...#####.####
##(..###########.##........#
##.R#####......###.##(..R)..#
#.###$..#......####.##..##[R##
.##$!...).⌠.9⌠..@.'.....####)#
# #.###[..#......####.##..#
#.R####
##..#####..)...###.##.###
##...#. ##...###########.##..#
#..#R. # ##...# ##.##...#
##.... ## ##..########.##...##
###.. .## ###........##...##
##... ..##############...##
#.#.. ......# ##### #....


You could see a war gargoyle (catching breath).

Vanquished Creatures
  A boulder beetle (D:11)
  3 two-headed ogres
  A death yak (D:9)
  A tengu warrior (D:11)
  A wizard (Gauntlet)
  A deep elf pyromancer (D:11)
  2 ugly things
  A manticore (D:11)
  2 cyclopes (D:11)
  Joseph (D:8)
  A komodo dragon (D:11)
  2 kobold demonologists (D:11)
  5 trolls
  A hornet (D:8)
  2 vampires
  3 shadows (Gauntlet)
  2 wyverns (D:10)
  4 yaks (D:11)
  Eustachio (D:4)
  2 vampire mosquitoes (D:7)
  Grum (D:11)
  2 steam dragons
  A basilisk (D:10)
  3 wargs (D:10)
  2 water moccasins (D:7)
  An ice beast (D:7)
  2 black bears
  8 orc warriors
  A sky beast (D:7)
  An ogre (D:9)
  2 wolves (D:11)
  A centaur (D:10)
  A phantom (D:4)
  3 kobold brigands
  A gnoll sergeant (D:9)
  5 bullfrogs
  2 scorpions
  7 wights
  7 killer bees
  2 howler monkeys
  An orc priest (D:8)
  5 hounds
  A jelly (D:5)
  2 sleepcaps (D:6)
  Jessica (D:2)
  3 iguanas
  6 orc wizards
  Natasha (twice) (D:2)
  Robin (D:3)
  3 gnolls (D:9)
  9 adders
  A shadow imp (Gauntlet)
  4 white imps
  An ufetubus (D:6)
  3 dart slugs
  13 orcs
  7 endoplasms
  4 giant cockroaches
  7 goblins
  13 hobgoblins
  4 jackals (D:4)
  4 quokkas
  5 ball pythons
  5 bats
  4 frilled lizards
  13 kobolds
  4 rats
216 creatures vanquished.

Vanquished Creatures (collateral kills)
  A two-headed ogre (D:11)
  A wizard (Gauntlet)
  A warg (D:10)
  An orc warrior (D:9)
  3 kobold brigands
  2 wights (D:10)
  3 orc wizards (D:10)
  A white imp (Gauntlet)
  2 kobolds (D:8)
15 creatures vanquished.

Vanquished Creatures (others)
  8 hexers
  2 ancestors
10 creatures vanquished.

Grand Total: 241 creatures vanquished

Notes
Turn   | Place    | Note
-------+----------+-------------------------------------------
     0 | D:1      | growler the Tengu Air Elementalist began the quest for the
                  | Orb.
     0 | D:1      | Reached XP level 1. HP: 10/10 MP: 4/4
   220 | D:1      | Reached XP level 2. HP: 13/15 MP: 1/6
   223 | D:1      | Learned a level 2 spell: Static Discharge
   917 | D:1      | Reached XP level 3. HP: 19/19 MP: 5/7
   921 | D:1      | Learned a level 3 spell: Swiftness
  1482 | D:2      | Reached XP level 4. HP: 16/24 MP: 1/9
  1589 | D:2      | Noticed Natasha
  1593 | D:2      | Killed Natasha
  1594 | D:2      | Reached skill level 5 in Air Magic
  1757 | D:2      | Noticed Jessica
  1760 | D:2      | Killed Jessica
  1916 | D:2      | Gained mutation: Your magical nature lets you fly swiftly
                  | and evasively. [Tengu growth]
  1916 | D:2      | Reached XP level 5. HP: 21/28 MP: 6/10
  1921 | D:2      | Learned a level 4 spell: Airstrike
  2060 | D:2      | Noticed Natasha
  2063 | D:2      | Killed Natasha
  2434 | D:3      | Found a glowing golden altar of the Shining One.
  2531 | D:3      | Noticed Robin
  2536 | D:3      | Killed Robin
  2600 | D:3      | Found a faded altar of an unknown god.
  3004 | D:4      | Noticed arthad's ghost (amateur VSBe)
  3013 | D:4      | Reached XP level 6. HP: 30/32 MP: 12/12
  3095 | D:4      | Found a transporter.
  3128 | D:4      | Reached skill level 6 in Air Magic
  3258 | D:4      | Noticed Eustachio
  3269 | D:4      | Reached skill level 5 in Conjurations
  3270 | D:4      | Killed Eustachio
  3271 | D:4      | Reached XP level 7. HP: 19/36 MP: 5/14
  3397 | D:4      | Found a transporter.
  3440 | D:4      | You are sucked into a shaft and drop 2 floors!
  3523 | D:6      | Found an iron altar of Okawaru.
  3582 | D:6      | Reached skill level 7 in Air Magic
  3716 | D:5      | Entered Level 5 of the Dungeon
  4129 | D:5      | Reached skill level 1 in Fighting
  4450 | D:5      | Identified the +9 flail of the Pit {pain, rElec rPois Int-4
                  | Dex+4}
  4575 | D:5      | Found a snail-covered altar of Cheibriados.
  4656 | D:5      | Found a staircase to the Ecumenical Temple.
  4661 | Temple   | Entered the Ecumenical Temple
  4671 | Temple   | Became a worshipper of Hepliaklqana the Forgotten
  4715 | D:5      | Reached skill level 5 in Spellcasting
  4715 | D:5      | Reached XP level 8. HP: 44/44 MP: 16/16
  5420 | D:7      | Reached skill level 8 in Air Magic
  5547 | D:7      | Found a basalt altar of Yredelemnul.
  5591 | D:7      | Reached skill level 9 in Air Magic
  5666 | D:7      | Reached skill level 1 in Short Blades
  5694 | D:7      | Reached XP level 9. HP: 52/52 MP: 19/19
  5774 | D:7      | Found Kumav's Elemental Accessories.
  5815 | D:7      | Reached * piety under Hepliaklqana
  5860 | D:7      | Identified the +0 robe of Hopscotch {Rampage Drain rPois
                  | Regen+}
  6003 | D:7      | Identified the +7 quarterstaff of Hokhleka {drain, rF+
                  | Str+5}
  6286 | D:8      | Reached skill level 5 in Fighting
  6297 | D:8      | Noticed Joseph
  6470 | D:8      | Noticed a hornet
  6479 | D:8      | Killed a hornet
  6480 | D:8      | Reached skill level 10 in Air Magic
  6673 | D:8      | Killed Joseph
  6897 | D:8      | Noticed a deep elf pyromancer
  7020 | D:8      | Reached skill level 5 in Short Blades
  7363 | D:9      | Noticed a brown ugly thing
  7372 | D:9      | Killed a brown ugly thing
  7373 | D:9      | Reached skill level 11 in Air Magic
  7373 | D:9      | Reached XP level 10. HP: 54/54 MP: 20/20
  7625 | D:9      | Reached ** piety under Hepliaklqana
  7671 | D:9      | Remembered your ancestor Reggie B. as a hexer
  7871 | D:9      | Noticed a two-headed ogre
  7873 | D:9      | Killed a two-headed ogre
  7926 | D:9      | Found a staircase to the Orcish Mines.
  7936 | D:9      | Reached skill level 12 in Air Magic
  8538 | D:9      | Found a staircase to the Orcish Mines.
  9027 | D:10     | Entered Level 10 of the Dungeon
  9178 | D:10     | Found a staircase to the Lair.
  9178 | D:10     | Noticed a death yak
  9181 | D:10     | Reached XP level 11. HP: 61/61 MP: 21/21
  9219 | D:9      | Killed a death yak
  9220 | D:9      | Reached skill level 13 in Air Magic
  9790 | D:10     | Found an ancient bone altar of Kikubaaqudgha.
 10093 | D:10     | Reached *** piety under Hepliaklqana
 10123 | D:10     | Noticed a two-headed ogre
 10128 | D:10     | Killed a two-headed ogre
 10156 | D:10     | Identified the +7 short sword "Asyeh" {vamp, rF+ Dex+5}
 10256 | D:11     | Found a gate leading to a gauntlet.
 10265 | Gauntlet | Entered a Gauntlet
 10265 | Gauntlet | Found a transporter.
 10276 | Gauntlet | Found a transporter.
 10277 | Gauntlet | Noticed a wizard
 10281 | Gauntlet | Noticed a wizard
 10291 | Gauntlet | Found a runed translucent door.
 10296 | Gauntlet | Found a transporter.
 10317 | Gauntlet | Found a transporter.
 10318 | Gauntlet | Noticed a large abomination
 10329 | Gauntlet | Found the +1 Delatra's gloves {ID++}
 10330 | Gauntlet | Found a transporter.
 10333 | Gauntlet | Noticed an entropy weaver
 10342 | Gauntlet | Noticed a wizard
 10344 | Gauntlet | Found a transporter.
 10361 | Gauntlet | Noticed a wizard
 10373 | Gauntlet | Found a transporter.
 10373 | Gauntlet | Found a transporter.
 10378 | Gauntlet | Found a transporter.
 10412 | Gauntlet | Found a transporter.
 10412 | Gauntlet | Found a transporter.
 10412 | Gauntlet | Noticed an orange crystal statue
 10457 | Gauntlet | Found a transporter.
 10579 | Gauntlet | Learned a level 5 spell: Arcjolt
 10588 | Gauntlet | Killed a wizard
 10590 | Gauntlet | Killed a wizard
 10593 | Gauntlet | Reached skill level 14 in Air Magic
 10656 | Gauntlet | Noticed a minotaur
 10704 | Gauntlet | Got the Information on Permutations
 10873 | D:11     | Learned a level 6 spell: Plasma Beam
 10887 | D:11     | Noticed a cyclops
 10890 | D:11     | Killed a cyclops
 11116 | D:11     | Noticed Grum
 11123 | D:11     | Killed Grum
 11158 | D:11     | Killed a deep elf pyromancer
 11322 | D:11     | Noticed a cyclops
 11326 | D:11     | Killed a cyclops
 11369 | D:11     | Noticed a two-headed ogre
 11373 | D:11     | Noticed a boulder beetle
 11390 | D:11     | Killed a boulder beetle
 11391 | D:11     | Reached skill level 10 in Fighting
 11391 | D:11     | Reached skill level 10 in Short Blades
 11391 | D:11     | Reached XP level 12. HP: 69/69 MP: 4/22
 11508 | D:11     | Killed a two-headed ogre
 11509 | D:11     | Reached skill level 15 in Air Magic
 11770 | D:11     | Found a runed translucent door.
 11800 | D:11     | Noticed a two-headed ogre
 11804 | D:11     | Killed a two-headed ogre
 11805 | D:11     | Reached skill level 1 in Fire Magic
 12200 | D:11     | Noticed a tengu warrior
 12201 | D:11     | Noticed a war gargoyle
 12225 | D:11     | Killed a tengu warrior
 12233 | D:11     | Killed from afar by a war gargoyle

Illustrated notes

Levels and vault maps discovered:
D:1:      eino_arrival_tree_alley, layout_basic
D:2:      layout_basic, uniq_jessica, uniq_natasha
D:3:      layout_loops_ring, mainiacjoe_overflow_concentric_impassable,
          dreamdust_ecumenical_altar_statues, uniq_robin
D:4:      layout_loops_ring, gammafunk_ghost_mausoleum, nrook_mini_backslash,
          uniq_eustachio
D:5:      layout_basic, mainiacjoe_overflow_paths, temple_doors_e,
          dreamdust_princess_corridor
D:6:      layout_loops_cross, mainiacjoe_overflow_cross_hatched
D:7:      layout_basic, kennysheep_mini, nicolae_elemental_shop
D:8:      layout_rooms, serial_glass, glass_columns_c, glass_columns_a,
          glass_columns_c, glass_columns_a, item_on_display_a, feat_on_display,
          uniq_joseph
D:9:      layout_irregular_city, kennysheep_orc_monster_closet_entryway
D:10:     layout_gridville, mainiacjoe_overflow_brackets, david_lair_generic,
          nooodl_orcs_dogs
D:11:     layout_layer_cave, gauntlet_entry_generic, wad_hexagon, uniq_grum
Temple:   sentei_temple_godly_chess

Skill      XL: |  1  2  3  4  5  6  7  8  9 10 11 12 |
---------------+-------------------------------------+-----
Conjurations   | 2 3 4 5 6 |  6.0
Air Magic      | 5 6 7 9 11 12 14 15 | 15.5
Spellcasting   | 3 4 5 6 |  6.0
Fighting       | 1 4 6 8 10 | 10.9
Short Blades   | 1 5 7 10 | 10.0
Fire Magic     | 3 |  3.0
Dodging        | |  2.1
Stealth        | |  2.0

Action                     |  1- 3 |  4- 6 |  7- 9 | 10-12 || total
---------------------------+-------+-------+-------+-------++-------
  Melee: Unarmed           |    17 |       |       |       ||    17
         Peck              |     5 |     1 |     1 |     3 ||    10
         Kick              |     5 |     3 |     5 |     4 ||    17
         Dagger            |     4 |     6 |    20 |    15 ||    45
   Cast: Shock             |    60 |    62 |    17 |    16 ||   155
         Static Discharge  |     5 |    21 |    24 |    27 ||    77
         Airstrike         |       |     1 |    78 |   157 ||   236
         Arcjolt           |       |       |       |    15 ||    15
         Swiftness         |       |       |       |     3 ||     3
 Invoke: Recall Ancestor   |       |       |     5 |     4 ||     9
         Ancestor Life: He |       |       |       |     1 ||     1
         Ancestor Identity |       |       |       |     1 ||     1
    Use: Scroll            |       |     4 |     6 |     6 ||    16
         Potion            |       |     1 |     1 |     1 ||     3
   Stab: Sleeping          |       |     1 |     1 |       ||     2
         Confused          |       |       |       |     2 ||     2
         Distracted        |       |       |       |     1 ||     1
 Armour: Robe              |     4 |     2 |     4 |       ||    10
         Skin              |       |       |     9 |       ||     9
         Steam dragon scal |       |       |       |    13 ||    13
  Dodge: Dodged            |    22 |    19 |    34 |    42 ||   117
